 Dungeon Sprint DCSS version 0.21-a0-72-gbbb65ab (webtiles) character file.

3440 Kidiri the Fighter (level 9, -4/85 HPs)
             Began as a Black Draconian Transmuter on June 20, 2017.
             Was a High Priest of Wu Jian.
             Slain by a freezing wraith (23 damage)
             ... in the Dungeon (Sprint VII: "The Pits").
             The game lasted 00:07:31 (1343 turns).

Kidiri the Fighter (Black Draconian Transmuter)     Turns: 1343, Time: 00:07:32

Health: -4/85      AC:  8    Str: 14    XL:     9   Next: 77%
Magic:  17/21      EV: 18    Int: 17    God:    Wu Jian [*****.]
Gold:   0          SH:  0    Dex: 16    Spells: 10/25 levels left

rFire    . . .     SeeInvis .     - Unarmed
rCold    . . .     Gourm    .   (shield currently unavailable)
rNeg     . . .     Faith    .   (armour unavailable)
rPois    .         Spirit   .   (helmet restricted)
rElec    +         Reflect  .   u - +0 cloak {MR+}
rCorr    .         Harm     .   (gloves currently unavailable)
MR       +....     NoTele   +   (no boots)
Stlth    ++........             (no amulet)
HPRegen  0.24/turn              t - +3 ring of dexterity
MPRegen  0.17/turn              v - +3 ring of intelligence

@: blade hands, slowed, glowing, heavenly storm, very slow
A: breathe lightning, unfitting armour, electricity resistance, cold-blooded, AC
+7
a: Breathe Lightning, End Transformation, Serpent's Lash, Heavenly Storm,
Renounce Religion


You were in the Dungeon.
You worshipped Wu Jian.
Wu Jian was extremely pleased with you.
You were very full.
You had blades for hands.
You visited 1 branch

Inventory:

Hand Weapons
 r - a cursed -1 whip
Missiles
 a - 28 arrows
Armour
 u - a +0 cloak of magic resistance (worn)
 y - a +0 pair of gloves (melded)
Jewellery
 t - a +3 ring of dexterity (left scythe-like blade)
 v - a +3 ring of intelligence (right scythe-like blade)
Wands
 q - a wand of polymorph (5/24)
Scrolls
 i - a scroll of blinking
 l - 3 scrolls of remove curse
 m - 5 scrolls of amnesia
 n - a scroll of summoning
Potions
 d - 9 potions of curing
 e - 7 potions of heal wounds
 f - 2 potions of haste
 g - 4 potions of magic
 h - 4 potions of berserk rage
 k - 2 potions of invisibility
 w - a potion of might
 x - a potion of brilliance
 z - 2 potions of agility
Books
 b - a book of Changes

   Spells                             Type                      Level
   a - Beastly Appendage              Transmutation                1
   b - Sticks to Snakes               Transmutation                2
   c - Spider Form                    Transmutation/Poison         3
   d - Ice Form                       Ice/Transmutation            4
   e - Blade Hands                    Transmutation                5
Comestibles
 c - 8 bread rations
 j - 6 chunks of flesh
 o - 29 fruits
 p - 7 meat rations


   Skills:
 * Level 9.7 Fighting
 * Level 8.2 Dodging
 * Level 8.8 Stealth
 * Level 9.5 Unarmed Combat
 * Level 8.5 Spellcasting
 * Level 9.2 Transmutations
 + Level 4.5 Ice Magic
 + Level 5.8 Poison Magic


You had 10 spell levels left.
You knew the following spells:

 Your Spells              Type           Power        Failure   Level  Hunger
a - Beastly Appendage     Tmut           #####.       9%          1    None
b - Spider Form           Tmut/Pois      ####......   17%         3    #......
c - Ice Form              Ice/Tmut       ####....     34%         4    ###....
d - Blade Hands           Tmut           #####.....   36%         5    #####..
e - Sticks to Snakes      Tmut           #####...     10%         2    None


Dungeon Overview and Level Annotations

Branches:
Dungeon (1/1)

Altars:
Ashenzari
Cheibriados
Dithmenos
Elyvilon
Fedhas
Gozag
Hepliaklqana
Kikubaaqudgha
Makhleb
Nemelex Xobeh
Okawaru
Qazlal
Ru
Sif Muna
Trog
Uskayaw
Vehumet
Wu Jian
Xom
Yredelemnul
Zin
The Shining One
Beogh
Jiyva
Lugonu


Innate Abilities, Weirdness & Mutations

You can breathe wild blasts of lightning.
Your glossy black scales are hard. (AC +7)
You cannot fit into any form of body armour.
You are resistant to electric shocks. (rElec)
You are cold-blooded and may be slowed by cold attacks.


Message History

The freezing wraith closely misses you.
The freezing wraith completely misses you.
The manticore misses you. The manticore claws you. The manticore claws you!
The freezing wraith hits you! The freezing wraith freezes you!!
* * * LOW HITPOINT WARNING * * *
The freezing wraith hits you but does no damage.
You feel much better.
You feel yourself speed up.
The manticore bites you but does no damage.
The manticore closely misses you. The manticore claws you.
The freezing wraith hits you. The freezing wraith freezes you!
You feel yourself slow down.
The freezing wraith completely misses you.
The air is filled with shimmering golden clouds!
Sifu Gene Jian Bin says: The storm will not cease as long as you keep fighting, disciple!
The manticore barely misses you. The manticore completely misses you.
The manticore closely misses you. The freezing wraith hits you!
* * * LOW HITPOINT WARNING * * *
The freezing wraith freezes you!!
You die...

#''##### #......#
#......# ##....##
#### ##''## ###..+
##.)).###....##+##
#......#....##§§§##
#......'....+.§H§§+
#......#....##§W@#
##....###....##§##
##++## ###..'§§.+
##....## ####.).###
#...)..#
##...))..##
#......#
#.........#
########
###########


You could see a manticore and a freezing wraith.

Vanquished Creatures
  A deep elf mage (D)
  A molten gargoyle (D)
  A black mamba (D)
  An orange demon (D)
  A kobold demonologist (D)
  A troll (D)
  A small abomination (D)
  A redback (D)
  A ynoxinul (D)
  A basilisk (D)
  Duvessa (D)
  An acid dragon (D)
  A floating eye (D)
  Purgy (D)
  A black bear (D)
  A centaur (D)
  A big kobold (D)
  A bullfrog (D)
  Dowan (D)
  A scorpion (D)
  Crazy Yiuf (D)
  An orc priest (D)
  2 orc wizards (D)
  A worker ant (D)
  A gnoll (D)
  3 adders (D)
  A river rat (D)
  An ufetubus (D)
  3 oozes (D)
  A worm (D)
  A leopard gecko (D)
  2 orcs (D)
  A bat (D)
  3 giant cockroaches (D)
  A kobold (D)
  2 frilled lizards (D)
45 creatures vanquished.

Notes
Turn   | Place    | Note
-------+----------+-------------------------------------------
     0 | D        | Kidiri the Draconian Transmuter began the quest for the Orb.
     0 | D        | Reached XP level 1. HP: 16/16 MP: 3/3
    19 | D        | Reached skill level 1 in Stealth
    19 | D        | Reached XP level 2. HP: 17/24 MP: 3/5
    51 | D        | Found a bloodstained altar of Trog.
    51 | D        | Found a deep blue altar of Sif Muna.
    51 | D        | Found a viscous altar of Jiyva.
    51 | D        | Found a hazy altar of Hepliaklqana.
    51 | D        | Found an opulent altar of Gozag.
    52 | D        | Found a glowing golden altar of the Shining One.
    52 | D        | Found a glowing silver altar of Zin.
    52 | D        | Found a basalt altar of Yredelemnul.
    52 | D        | Found a shimmering altar of Xom.
    52 | D        | Found an ornate altar of the Wu Jian Council.
    52 | D        | Found a sacrificial altar of Ru.
    52 | D        | Found a stormy altar of Qazlal.
    52 | D        | Found an iron altar of Okawaru.
    52 | D        | Found a sparkling altar of Nemelex Xobeh.
    52 | D        | Found a burning altar of Makhleb.
    52 | D        | Found a blossoming altar of Fedhas.
    52 | D        | Found a white marble altar of Elyvilon.
    52 | D        | Found a shadowy altar of Dithmenos.
    52 | D        | Found a snail-covered altar of Cheibriados.
    54 | D        | Found a radiant altar of Vehumet.
    54 | D        | Found a corrupted altar of Lugonu.
    54 | D        | Found a roughly hewn altar of Beogh.
    55 | D        | Found a hide-covered altar of Uskayaw.
    55 | D        | Found an ancient bone altar of Kikubaaqudgha.
    55 | D        | Found a shattered altar of Ashenzari.
    61 | D        | Became a worshipper of the Wu Jian Council
   208 | D        | Reached * piety under Wu Jian
   221 | D        | Reached XP level 3. HP: 15/30 MP: 7/7
   238 | D        | Learned a level 3 spell: Spider Form
   406 | D        | Noticed a floating eye
   409 | D        | Reached ** piety under Wu Jian
   415 | D        | Paralysed by a floating eye for 2 turns
   417 | D        | Killed a floating eye
   417 | D        | Reached skill level 5 in Unarmed Combat
   417 | D        | Reached XP level 4. HP: 28/41 MP: 6/10
   417 | D        | Reached XP level 5. HP: 32/47 MP: 6/11
   446 | D        | Learned a level 4 spell: Ice Form
   513 | D        | Noticed Dowan
   515 | D        | Noticed Duvessa
   516 | D        | Noticed a black bear
   519 | D        | Noticed Crazy Yiuf
   520 | D        | Reached *** piety under Wu Jian
   533 | D        | Killed Duvessa
   533 | D        | Reached skill level 5 in Fighting
   533 | D        | Reached skill level 5 in Transmutations
   533 | D        | Reached XP level 6. HP: 53/56 MP: 10/13
   537 | D        | Killed Dowan
   537 | D        | Reached skill level 5 in Spellcasting
   541 | D        | Killed Crazy Yiuf
   541 | D        | Reached skill level 5 in Dodging
   541 | D        | Reached skill level 5 in Stealth
   543 | D        | Reached **** piety under Wu Jian
   574 | D        | Learned a level 5 spell: Blade Hands
   716 | D        | Reached skill level 1 in Ice Magic
   716 | D        | Your scales start taking on a glossy black colour.
   716 | D        | Reached XP level 7. HP: 64/64 MP: 10/15
   716 | D        | Gained mutation: You are resistant to electric shocks. (rElec) [Black Draconian growth]
   717 | D        | Noticed Purgy
   721 | D        | Reached ***** piety under Wu Jian
   732 | D        | Killed Purgy
   895 | D        | Learned a level 2 spell: Sticks to Snakes
   896 | D        | Noticed an orange demon
   898 | D        | Killed an orange demon
   898 | D        | Reached XP level 8. HP: 74/74 MP: 11/18
  1129 | D        | Noticed a deep elf mage
  1129 | D        | Noticed a kobold demonologist
  1133 | D        | Killed a deep elf mage
  1134 | D        | Noticed an orange demon
  1136 | D        | Killed a kobold demonologist
  1136 | D        | Reached skill level 5 in Poison Magic
  1226 | D        | Reached XP level 9. HP: 78/82 MP: 15/20
  1257 | D        | Noticed a troll
  1257 | D        | Noticed a black mamba
  1259 | D        | Killed a troll
  1259 | D        | Killed a black mamba
  1277 | D        | Noticed a molten gargoyle
  1282 | D        | Killed a molten gargoyle
  1339 | D        | Noticed a manticore
  1339 | D        | Noticed a freezing wraith
  1343 | D        | Slain by a freezing wraith

Vault maps used:
D:        pitsprint

Skill      XL: |  1  2  3  4  5  6  7  8  9 |
---------------+----------------------------+-----
Fighting       | 2 4 5 6 7 8 9 |  9.7
Dodging        | 2 4 5 6 7 8 |  8.2
Stealth        | 1 2 3 4 5 6 7 8 |  8.8
Transmutations | 3 4 5 6 7 8 9 |  9.2
Unarmed Combat | 5 6 7 8 9 |  9.5
Spellcasting   | 4 5 6 7 8 |  8.5
Poison Magic   | 2 3 4 5 |  5.8
Ice Magic      | 1 2 3 4 |  4.5

Action                   |  1- 3 |  4- 6 |  7- 9 || total
-------------------------+-------+-------+-------++-------
Melee: Unarmed           |    37 |    42 |    51 ||   130
       Headbutt          |     2 |       |       ||     2
       Kick              |     1 |     2 |       ||     3
       Tailslap          |     1 |       |     4 ||     5
       Punch             |       |     1 |     2 ||     3
 Cast: Beastly Appendage |     3 |     1 |       ||     4
       Spider Form       |     1 |     2 |       ||     3
       Blade Hands       |       |     1 |     6 ||     7
Invok: Heavenly Storm    |       |       |     3 ||     3
       Serpent's Lash    |       |       |     2 ||     2
 Abil: Breathe Lightning |       |       |     1 ||     1
       End Transformatio |       |       |     1 ||     1
  Use: Potion            |       |       |     1 ||     1
 Stab: Confused          |       |     1 |       ||     1
       Sleeping          |       |       |     2 ||     2
  Eat: Chunk             |       |     1 |     1 ||     2
       Fruit             |       |       |    11 ||    11
Armor: Skin              |     7 |     7 |    10 ||    24
Dodge: Dodged            |    25 |    26 |    39 ||    90
